 Dungeon Crawl Stone Soup version 0.21-a0-227-g58a7c62 (webtiles) character file.

1059 Gorglomux the Thaumaturge (level 8, 0/60 HPs)
             Began as a Gnoll Transmuter on Aug 30, 2017.
             Was a Believer of Uskayaw.
             Shot with an arrow by a centaur (8 damage)
             ... on level 6 of the Dungeon.
             The game lasted 00:15:39 (8719 turns).

Gorglomux the Thaumaturge (Gnoll Transmuter)        Turns: 8719, Time: 00:15:40

Health: 0/60       AC:  2    Str:  7    XL:     8   Next: 27%
Magic:  20/20      EV: 19    Int:  7    God:    Uskayaw [**....]
Gold:   359        SH:  0    Dex:  7    Spells: 13/23 levels left

rFire    . . .     SeeInvis +     - Unarmed
rCold    . . .     Gourm    .   (shield currently unavailable)
rNeg     . . .     Faith    .   (armour currently unavailable)
rPois    x         Spirit   .   (helmet currently unavailable)
rElec    .         Reflect  .   (cloak currently unavailable)
rCorr    .         Harm     .   (gloves currently unavailable)
MR       .....                  (boots currently unavailable)
Stlth    ..........             (no amulet)
HPRegen  0.20/turn              s - ring of see invisible
MPRegen  0.17/turn              P - ring of loudness (curse)

@: spider-form (expiring)
A: unchanging attributes, wild magic 1, strong nose
a: End Transformation, Stomp, Line Pass, Renounce Religion


You were on level 6 of the Dungeon.
You worshipped Uskayaw.
Uskayaw was noncommittal.
You were not hungry.
You were a venomous arachnid creature.
You visited 1 branch of the dungeon, and saw 6 of its levels.

You collected 359 gold pieces.

Inventory:

Missiles
 a - 83 arrows
 Z - a throwing net (quivered)
Armour
 b - a +0 robe (melded)
 T - a +0 pair of boots (melded)
Jewellery
 s - a ring of see invisible (left front leg)
 P - a cursed ring of loudness (right front leg)
Scrolls
 f - 7 scrolls of remove curse
 l - a scroll of enchant weapon {unknown}
 m - 4 scrolls of teleportation {unknown}
 t - 3 scrolls of amnesia
 M - a scroll of random uselessness {unknown}
 O - 2 scrolls of magic mapping {unknown}
 R - 4 scrolls of identify
 W - a scroll of noise {unknown}
 X - a scroll of blinking {unknown}
 Y - a scroll of recharging {unknown}
Potions
 o - a potion of mutation {!q}
 p - a potion of agility
 Q - 3 potions of curing
 S - a potion of ambrosia
 U - 3 potions of resistance
 V - a potion of heal wounds
Books
 c - a book of Changes

   Spells                             Type                      Level
   a - Beastly Appendage              Transmutation                1
   b - Sticks to Snakes               Transmutation                2
   c - Spider Form                    Transmutation/Poison         3
   d - Ice Form                       Ice/Transmutation            4
   e - Blade Hands                    Transmutation                5
Comestibles
 d - 2 bread rations
 g - 2 royal jellies
 z - a meat ration
 N - 2 chunks of flesh


   Skills:
 - Level 4.0 Fighting
 - Level 2.6 Dodging
 - Level 5.0 Unarmed Combat
 + Level 8.2 Spellcasting
 + Level 8.2 Transmutations
 - Level 2.3 Poison Magic


You had 13 spell levels left.
You knew the following spells:

 Your Spells              Type           Power        Failure   Level  Hunger
a - Blade Hands           Tmut           ###.......   47%         5    ######.
b - Sticks to Snakes      Tmut           ###.....     9%          2    ##.....
c - Spider Form           Tmut/Pois      ##........   26%         3    ###....


Dungeon Overview and Level Annotations

Branches:
Dungeon (6/15)
 Temple: D:4-7

Altars:
Nemelex Xobeh
Ru
Uskayaw
Vehumet
The Shining One

Shops:
D:4 [

Annotations:
D:4 exclusion: statue
D:6 Prince Ribbit


Innate Abilities, Weirdness & Mutations

Your physical attributes are unchanging.
((You have extremely sharp teeth.))
Your uncanny sense of smell can sniff out nearby items.
((You are partially covered in thin metallic scales. (AC +2)))
((Your flesh is cold resistant. (rC+)))
Your spells are a little harder to cast, but a little more powerful.


Message History

You maul the gnoll!
You annihilate the gnoll!!!
Butt maul the gnoll but do butt damage!
The gnoll is poisoned!
The gnoll misses you!
You maul the gnoll!
The gnoll looks as sick as possible!!!
The gnoll is butt-ly wounded!
The gnoll hits you with a halberd!!!
You are too injured to fight recklessly!!!
The gnoll completely misses you!
The centaur wields a shortbow!
The centaur shoots an arrow!
The arrow hits you!!! * * * don't die
* * * Butt see here an arrow!
Your transformation is almost over!
You annihilate the gnoll!!!
The centaur shoots an arrow!
The arrow hits you!!! * * * don't die
* * * You see here an arrow!
The butt shoots an arrow!
The arrow hits you!!! rip

#............#
#......c.....
#........... #
#..#g.......
...#.##..#.##.#.#
.........)###.#.#.##.
#.####.....(........
#<...###(###.#.
#.....##s#
......#.##.#
####..#..#.#####
#..#........
............
....#.#....) ###
#............
#....#.###.#
#...........


You could see a centaur.

Vanquished Creatures
  An ice beast (D:5)
  A sky beast (D:5)
  A scorpion (D:5)
  A jelly (D:5)
  3 crimson imps (D:5)
  2 orc priests
  A gnoll shaman (D:5)
  2 hounds (D:5)
  3 iguanas (D:4)
  Terence (D:3)
  3 orc wizards
  3 worker ants
  9 gnolls
  8 adders
  An ooze (D:4)
  An adder skeleton (D:5)
  2 worms
  6 dart slugs
  4 leopard geckos
  21 orcs
  2 ball pythons
  7 giant cockroaches
  4 goblins
  5 hobgoblins
  4 jackals (D:2)
  A quokka (D:2)
  2 bats
  5 frilled lizards
  8 kobolds
  4 rats
116 creatures vanquished.

Vanquished Creatures (collateral kills)
  2 gnolls
2 creatures vanquished.

Grand Total: 118 creatures vanquished

Notes
Turn   | Place    | Note
-------+----------+-------------------------------------------
     0 | D:1      | Gorglomux the Gnoll Transmuter began the quest for the Orb.
     0 | D:1      | Reached XP level 1. HP: 15/15 MP: 4/4
   398 | D:1      | Reached XP level 2. HP: 13/22 MP: 4/6
   740 | D:1      | Learned a level 2 spell: Sticks to Snakes
  1448 | D:2      | Reached XP level 3. HP: 11/28 MP: 7/7
  1634 | D:2      | Learned a level 3 spell: Spider Form
  1950 | D:2      | Found a hide-covered altar of Uskayaw.
  1951 | D:2      | Noticed a dagger
  1951 | D:2      | Noticed a dagger
  2107 | D:2      | Became a worshipper of Uskayaw the Reveler
  2248 | D:2      | Reached * piety under Uskayaw
  2249 | D:2      | Reached skill level 3 in Fighting
  2554 | D:2      | Reached ** piety under Uskayaw
  2557 | D:2      | Gained mutation: Your spells are a little harder to cast, but a little more powerful. [potion of mutation]
  2557 | D:2      | Gained mutation: You have extremely sharp teeth. [potion of mutation]
  2557 | D:2      | Gained mutation: Your flesh is cold resistant. (rC+) [potion of mutation]
  2557 | D:2      | Gained mutation: You are partially covered in thin metallic scales. (AC +2) [potion of mutation]
  2563 | D:2      | Reached skill level 1 in Poison Magic
  3021 | D:1      | Reached XP level 4. HP: 32/36 MP: 3/8
  3230 | D:2      | Reached *** piety under Uskayaw
  3497 | D:3      | Reached skill level 3 in Transmutations
  3749 | D:3      | Noticed Terence
  3789 | D:3      | Killed Terence
  3789 | D:3      | Reached XP level 5. HP: 32/42 MP: 3/10
  4710 | D:3      | Found a sparkling altar of Nemelex Xobeh.
  4710 | D:3      | Found a sacrificial altar of Ru.
  4869 | D:4      | Reached XP level 6. HP: 48/48 MP: 5/12
  5211 | D:4      | Found Tuneug's Antique Armour Emporium.
  5333 | D:4      | Found a radiant altar of Vehumet.
  6182 | D:5      | Entered Level 5 of the Dungeon
  6360 | D:5      | Noticed a sky beast
  6377 | D:5      | Reached XP level 7. HP: 40/54 MP: 12/15
  6419 | D:5      | Reached skill level 6 in Spellcasting
  6419 | D:5      | Reached skill level 6 in Transmutations
  7651 | D:5      | Learned a level 5 spell: Blade Hands
  7785 | D:5      | Found a glowing golden altar of the Shining One.
  7817 | D:5      | Reached XP level 8. HP: 39/60 MP: 15/19
  8648 | D:6      | Noticed Prince Ribbit
  8719 | D:6      | Shot with an arrow by a centaur

Vault maps used:
D:1:      tarquinn_simple_flora_water_d
D:2:      dancing_weapons_uskayaw
D:3:      chequers_temple_overflow_statue_of_worship, uniq_terence
D:4:      vehumet_statue, serial_shops, shop_coins, palyth_stone_intersect,
          kennysheep_generic_room_12
D:5:      first_bread, minmay_liquid_box, tso_metal_star
D:6:      uniq_prince_ribbit1, uniq_edmund, uniq_blork_the_orc

Skill      XL: |  1  2  3  4  5  6  7  8 |
---------------+-------------------------+-----
Fighting       | 2 3 4 |  4.0
Unarmed Combat | 5 |  5.0
Poison Magic   | 1 2 |  2.3
Transmutations | 3 4 5 7 8 |  8.2
Spellcasting   | 4 5 7 8 |  8.2
Dodging        | |  2.6

Action                   |  1- 3 |  4- 6 |  7- 9 || total
-------------------------+-------+-------+-------++-------
Melee: Unarmed           |   147 |   260 |   156 ||   563
       Bite              |    10 |     8 |     1 ||    19
       Kick              |     3 |       |       ||     3
       Punch             |     5 |     1 |     1 ||     7
       Headbutt          |     3 |       |       ||     3
 Cast: Beastly Appendage |    23 |     1 |       ||    24
       Sticks to Snakes  |     2 |     5 |     2 ||     9
       Spider Form       |       |    12 |    17 ||    29
  Use: Potion            |     4 |     1 |       ||     5
       Scroll            |     1 |     4 |     3 ||     8
 Stab: Paralysed         |       |     1 |     1 ||     2
  Eat: Chunk             |     7 |    12 |     8 ||    27
       Royal jelly       |       |     1 |     1 ||     2
Armor: Robe              |    25 |    43 |     7 ||    75
       Skin              |       |     4 |       ||     4
Dodge: Dodged            |    92 |   162 |   115 ||   369

Table legend:
 A = Spawn XP
 B = Non-spawn XP
 C = Spawn XP percentage of total XP
 D = Spawn monster count
 E = Non-spawn monster count
 F = Spawn count percentage of total count
 G = Total turns spent on level
                    A         B        C        D         E        F      G
               +---------+---------+-------+---------+---------+-------+---------
         Total |     457 |    1057 |  30.2 |      35 |      83 |  29.7 |  8719
               +---------+---------+-------+---------+---------+-------+---------
           D:1 |      33 |      21 |  61.1 |       6 |      12 |  33.3 |  1611
           D:2 |     101 |      21 |  82.8 |      11 |       9 |  55.0 |  1741
           D:3 |      59 |     127 |  31.7 |      11 |      22 |  33.3 |  1703
           D:4 |      84 |     130 |  39.3 |       3 |       9 |  25.0 |  1762
           D:5 |     180 |     713 |  20.2 |       4 |      27 |  12.9 |  1874
           D:6 |       0 |      45 |   0.0 |       0 |       4 |   0.0 |    28
               +---------+---------+-------+---------+---------+-------+---------
